 Dungeon Crawl Stone Soup version 0.21-a0-113-g6841d05 (webtiles) character file.

142 Kidiri the Magician (level 5, -1/28 HPs)
             Began as a Deep Elf Fire Elementalist on July 12, 2017.
             Slain by Natasha (6 damage)
             ... on level 2 of the Dungeon.
             The game lasted 00:07:04 (2409 turns).

Kidiri the Magician (Deep Elf Fire Elementalist)    Turns: 2409, Time: 00:07:05

Health: -1/28      AC:  2    Str:  5    XL:     5   Next: 4%
Magic:  1/15       EV: 13    Int: 21    God:
Gold:   95         SH:  0    Dex: 15    Spells: 2/15 levels left

rFire    . . .     SeeInvis .   h - +1 dagger (freeze)
rCold    + . .     Gourm    .   (no shield)
rNeg     . . .     Faith    .   a - +0 robe
rPois    .         Spirit   .   (no helmet)
rElec    .         Reflect  .   (no cloak)
rCorr    .         Harm     .   (no gloves)
MR       .....                  (no boots)
Stlth    ++........             (no amulet)
HPRegen  0.09/turn              e - ring of protection from cold
MPRegen  0.14/turn              i - ring of wizardry

@: no status effects
A: no striking features
a: no special abilities


You were on level 2 of the Dungeon.
You were not hungry.

You visited 1 branch of the dungeon, and saw 2 of its levels.

You collected 95 gold pieces.

Inventory:

Hand Weapons
 h - a +1 dagger of freezing (weapon)
Armour
 a - a +0 robe (worn)
 m - a +0 shield
Jewellery
 e - a ring of protection from cold (left hand)
 i - a ring of wizardry (right hand)
Scrolls
 j - a scroll of enchant weapon
 k - a scroll of amnesia
 l - a scroll of remove curse {unknown}
 o - a scroll of recharging {unknown}
 p - a scroll of fear {unknown}
Potions
 f - a potion of curing
 g - a potion of mutation {unknown}
Books
 b - a book of Flames

   Spells                             Type                      Level
   a - Flame Tongue                   Conjuration/Fire             1
   b - Throw Flame                    Conjuration/Fire             2
   c - Conjure Flame                  Conjuration/Fire             3
   d - Inner Flame                    Hexes/Fire                   3
   e - Sticky Flame                   Conjuration/Fire             4
   f - Fireball                       Conjuration/Fire             5
Comestibles
 c - 2 bread rations
 d - 2 royal jellies
 n - 8 chunks of flesh


   Skills:
 - Level 2.4 Dodging
 - Level 2.4 Stealth
 * Level 5.6 Spellcasting
 + Level 2.9 Conjurations
 + Level 3.9 Fire Magic


You had 2 spell levels left.
You knew the following spells:

 Your Spells              Type           Power        Failure   Level  Hunger
a - Flame Tongue          Conj/Fire      ###..        1%          1    None
b - Throw Flame           Conj/Fire      ###...       1%          2    None
c - Conjure Flame         Conj/Fire      ###.....     3%          3    ##.....
d - Inner Flame           Hex/Fire       ##......     6%          3    ##.....
e - Sticky Flame          Conj/Fire      ###.....     10%         4    ####...


Dungeon Overview and Level Annotations

Branches:
Dungeon (2/15)

Altars:
Nemelex Xobeh
Qazlal

Annotations:
D:2 Natasha


Message History

n - 8 chunks of flesh (gained 2)
You start resting.
Natasha, Servant of Life and Death comes into view.
You start resting.
Casting: Flame Tongue
Confirm with . or Enter, or press ? or * to list all spells.
Aiming: Flame Tongue
Press: ? - help, Shift-Dir - straight line, f - Natasha
Aim: Natasha The flame tongue hits Natasha.
Natasha is lightly wounded.
Casting: Flame Tongue
Confirm with . or Enter, or press ? or * to list all spells.
Aiming: Sticky Flame
Press: ? - help, Shift-Dir - straight line, f/p - Natasha
Aim: Natasha (lightly wounded)
The sticky flame hits Natasha.
Natasha is moderately wounded.
Natasha is covered in liquid flames!
Natasha burns!
Natasha claws you.
You die...

..$...................#
#....................#
#....................######
#....................##....
#..h.......#...##...÷......
#....÷.........##......(...
#...)........#............#
#........##...............# .
##........#@...............#
..#.........#h.............<..
.................................
...>............#................
.....#.#.#..##....#........).....
.....#.#..........#..............
.....#.##....)..................(
.....#.#..#..............<....)..
#....#..#...>..................


You could see Natasha (burning).

Vanquished Creatures
  Natasha (twice) (D:2)
  Robin (D:2)
  An adder (D:2)
  An ooze (D:1)
  2 worms (D:2)
  2 dart slugs (D:2)
  3 leopard geckos
  A ball python (D:1)
  A giant cockroach (D:1)
  10 hobgoblins
  A jackal (D:1)
  2 quokkas
  3 bats
  2 frilled lizards
  15 goblins
  4 kobolds
  5 rats
56 creatures vanquished.

Notes
Turn   | Place    | Note
-------+----------+-------------------------------------------
     0 | D:1      | Kidiri the Deep Elf Fire Elementalist began the quest for the Orb.
     0 | D:1      | Reached XP level 1. HP: 10/10 MP: 6/6
   169 | D:1      | Reached XP level 2. HP: 12/15 MP: 2/8
   195 | D:1      | Learned a level 2 spell: Throw Flame
   748 | D:1      | Reached skill level 4 in Spellcasting
   955 | D:1      | Reached XP level 3. HP: 19/19 MP: 7/10
   960 | D:1      | Learned a level 3 spell: Conjure Flame
   964 | D:1      | Learned a level 3 spell: Inner Flame
  1294 | D:2      | Found a stormy altar of Qazlal.
  1612 | D:2      | Found a sparkling altar of Nemelex Xobeh.
  1900 | D:2      | Noticed Robin
  1925 | D:2      | Killed Robin
  1940 | D:2      | Reached XP level 4. HP: 21/24 MP: 0/12
  2261 | D:2      | Reached skill level 5 in Spellcasting
  2342 | D:2      | Learned a level 4 spell: Sticky Flame
  2350 | D:2      | Noticed Natasha
  2356 | D:2      | Killed Natasha
  2386 | D:2      | Noticed Natasha
  2391 | D:2      | Killed Natasha
  2391 | D:2      | Reached XP level 5. HP: 3/28 MP: 4/15
  2401 | D:2      | Noticed Natasha
  2409 | D:2      | Slain by Natasha

Vault maps used:
D:1:      dpeg_arrival_solitude, serial_bayou_pond_b, st_stairs_11,
          minmay_misc_feat_doors, minmay_pentomino_z4
D:2:      gammafunk_temple_overflow_forgotten, first_bread, uniq_robin,
          uniq_natasha, uniq_crazy_yiuf_cottage

Skill      XL: |  1  2  3  4 |
---------------+-------------+-----
Spellcasting   | 4 5 |  5.6
Conjurations   | 2 |  2.9
Dodging        | |  2.4
Stealth        | |  2.4
Fire Magic     | |  3.9

Action                   |  1- 3 |  4- 6 || total
-------------------------+-------+-------++-------
Melee: Dagger            |    32 |    27 ||    59
 Cast: Flame Tongue      |    59 |    23 ||    82
       Throw Flame       |     8 |       ||     8
       Conjure Flame     |     3 |       ||     3
       Sticky Flame      |       |     3 ||     3
  Use: Potion            |     1 |       ||     1
       Scroll            |       |     3 ||     3
  Eat: Chunk             |     3 |     2 ||     5
Armor: Robe              |    14 |     5 ||    19
Dodge: Dodged            |    57 |    16 ||    73
